 Dungeon Crawl Stone Soup version 0.29-a0-823-gc37b1572da (webtiles) character file.

Game seed: 1449808242855272842

86440 vineage the Warrior (level 15, -3/98 HPs)
             Began as a Gargoyle Fighter on July 8, 2022.
             Was the Champion of Okawaru.
             Constricted to death by Jorgrun (5 damage)
             ... on level 15 of the Dungeon.
             The game lasted 00:35:05 (23608 turns).

vineage the Warrior (Gargoyle Fighter)             Turns: 23608, Time: 00:35:07

Health: -3/98      AC: 27    Str: 36    XL:     15   Next: 87%
Magic:  20/21      EV:  7    Int:  9    God:    Okawaru [******]
Gold:   1980       SH: 25    Dex: 11    Spells: 14/14 levels left

rFire   + . .      SeeInvis +   Q - +3 morningstar (flame)
rCold   + . .      Faith    .   B - +8 tower shield of Noriy {Dex+2}
rNeg    + . .      Spirit   .   c - +1 scale mail "Wahod" {Str+3}
rPois   ∞          Reflect  .   Z - +2 hat {SInv}
rElec   +          Harm     .   n - scarf {rC+ rF+}
rCorr   .          Rampage  .   (no gloves)
Will    ++...                   I - +0 pair of boots
Stlth   +.........              v - amulet of regeneration
HPRegen 1.06/turn               O - ring "Weillaeh" {Will+ Str+6}
MPRegen 0.17/turn               r - +4 ring of protection

@: heroic, grasped by roots, flying, constricted
A: sickness immunity, AC +11, big wings, negative energy resistance 1,
electricity resistance, torment resistance 1, petrification resistance, deformed
body, frail 1
a: Renounce Religion, Heroism, Finesse, Duel


You were on level 15 of the Dungeon.
You worshipped Okawaru.
Okawaru was exalted by your worship.
You visited 3 branches of the dungeon, and saw 22 of its levels.
You also visited: Gauntlet and Volcano.

You collected 1980 gold pieces.

Inventory:

Hand Weapons
 a - a +1 flail of venom
 Q - a +3 morningstar of flaming (weapon)
 X - the +8 dire flail of the Final Chapter {flame, Will++}
   (Okawaru gifted it to you on level 5 of the Lair of Beasts)

   It burns those it strikes, dealing additional fire damage.
   Will:      It greatly increases your willpower.
Missiles
 U - 2 throwing nets (quivered)
Armour
 c - the +1 scale mail "Wahod" (worn) {Str+3}
   (You found it in a Gauntlet)

   Str:       It affects your strength (+3).
 g - +1 ice dragon scales
 n - a scarf of resistance (worn)
 B - the +8 tower shield of Noriy (worn) {Dex+2}
   (Okawaru gifted it to you on level 13 of the Dungeon)

   Dex:       It affects your dexterity (+2).
 I - a +0 pair of boots (worn)
 Z - a +2 hat of see invisible (worn)
Jewellery
 r - a +4 ring of protection (right hand)
 v - an amulet of regeneration (around neck)
 E - a ring of ice
 F - a ring of protection from fire
 O - the ring "Weillaeh" (left hand) {Will+ Str+6}
   (You acquired it in a Gauntlet)

   [ring of strength]

   Str:       It affects your strength (+6).
   Will:      It increases your willpower.
 W - a ring of positive energy
Wands
 K - a wand of digging (12)
Scrolls
 b - a scroll of identify
 k - 5 scrolls of amnesia
 m - 7 scrolls of teleportation
 p - 2 scrolls of blinking
 s - 4 scrolls of fear
 t - a scroll of poison
 x - 2 scrolls of brand weapon
 y - 2 scrolls of fog
 C - 4 scrolls of magic mapping
 D - 8 scrolls of enchant weapon
 J - 5 scrolls of enchant armour
Potions
 d - 2 potions of might
 e - 5 potions of mutation
 f - 2 potions of flight
 i - a potion of brilliance
 j - 7 potions of curing
 q - 2 potions of magic
 u - 3 potions of haste
 w - 6 potions of attraction
 z - 7 potions of lignification
 H - 5 potions of heal wounds
 L - 3 potions of berserk rage
 N - a potion of cancellation {unknown}
 P - 9 potions of ambrosia
 V - a potion of resistance {unknown}


   Skills:
 * Level 18.6(23.6) Fighting
 * Level 16.9(21.9) Maces & Flails
 + Level 11.2(16.2) Armour
 + Level 9.5(14.5) Shields
 - Level 8.1 Invocations


You had 14 spell levels left.
You didn't know any spells.
Your spell library contained the following spells:

 Spells                   Type           Power      Damage    Failure   Level
 Apportation              Tloc           0%         N/A       93%         1
 Beastly Appendage        Tmut           0%         N/A       93%         1
 Magic Dart               Conj           0%         1d3       93%         1
 Necrotise                Necr           0%         1d4       93%         1
 Wereblood                Tmut           0%         N/A       98%         2
 Conjure Flame            Conj/Fire      0%         6-21      100%        3
 Ignite Poison            Fire/Tmut/Pois 0%         N/A       100%        3
 Mephitic Cloud           Conj/Pois/Air  0%         N/A       100%        3
 Spider Form              Tmut/Pois      0%         N/A       100%        3
 Fulminant Prism          Conj/Hex       0%         3d6       100%        4
 Hailstorm                Conj/Ice       0%         3d3       100%        4
 Iskenderun's Mystic Bla  Conj/Tloc      0%         2d3       100%        4
 Leda's Liquefaction      Hex/Erth       0%         N/A       100%        4
 Sticky Flame             Conj/Fire      0%         2d3       100%        4
 Alistair's Intoxication  Tmut/Pois      0%         N/A       100%        5
 Borgnjor's Vile Clutch   Necr/Erth      0%         N/A       100%        5
 Lee's Rapid Deconstruct  Erth           0%         3d5*      100%        5
 Eringya's Noxious Bog    Tmut/Pois      0%         N/A       100%        6
 Storm Form               Tmut/Air       0%         N/A       100%        7
 Maxwell's Capacitive Co  Air            0%         ∞         100%        8
 Chain Lightning          Conj/Air       0%         N/A       100%        9
 Fire Storm               Conj/Fire      0%         5d1       100%        9
 Shatter                  Erth           0%         3d5*      100%        9
 Summon Small Mammal      Summ           Unusable   N/A       N/A         1
 Call Imp                 Summ           Unusable   N/A       N/A         2
 Summon Lightning Spire   Summ/Air       Unusable   N/A       N/A         4
 Statue Form              Tmut/Erth      Unusable   N/A       N/A         6

Dungeon Overview and Level Annotations

Branches:
Dungeon (15/15)            Temple (1/1) D:4            Lair (6/6) D:11
 Shoals (0/4) Lair:3       Spider (0/4) Lair:2        Slime (0/5) Lair:5
    Orc (0/2) D:9          Vaults (0/5) D:13        Volcano (visited)
Gauntlet (visited)
 Depths: D:15

Altars:
Ashenzari
Cheibriados
Dithmenos
Elyvilon
Fedhas
Gozag
Hepliaklqana
Kikubaaqudgha
Makhleb
Nemelex Xobeh
Okawaru
Qazlal
Ru
Sif Muna
Trog
Uskayaw
Vehumet
Wu Jian
Xom
Yredelemnul
Zin
The Shining One

Shops:
D:5 ?   D:7 (

Annotations:
D:4 1 runed translucent door
D:15 Jorgrun


Innate Abilities, Weirdness & Mutations

You are immune to sickness and miasma.
Your stone body is resilient. (AC +11)
You are immune to poison.
Your large and strong wings let you fly.
You resist negative energy. (rN+)
You are resistant to electric shocks. (rElec)
You are resistant to unholy torment.
You are immune to petrification.
Armour fits poorly on your strangely shaped body.
You are frail. (-10% HP)


Message History

Jorgrun is lightly wounded.
You block the manticore's attack. The manticore barely misses you.
You block the manticore's attack.
Jorgrun hits you with a +0 vorpal quarterstaff.
The grasping roots constrict you!
You closely miss Jorgrun.
Jorgrun is lightly wounded.
You block the manticore's attack. x2; The manticore barely misses you.
Jorgrun hits you with a +0 vorpal quarterstaff!
The grasping roots constrict you!
You are too injured to fight recklessly!
You are too injured to fight recklessly!
You are too injured to fight recklessly!
You are too injured to fight recklessly!
You are too injured to fight recklessly!
You are too injured to fight recklessly!
You are too injured to fight recklessly!
You are too injured to fight recklessly!
You are too injured to fight recklessly!
You are too injured to fight recklessly!
You are too injured to fight recklessly!
You are too injured to fight recklessly!
You puncture Jorgrun! You burn Jorgrun.
Jorgrun is moderately wounded.
You block the manticore's attack. x3; Jorgrun hits you but does no damage.
The grasping roots constrict you.
You hammer Jorgrun like a gong!!! You burn Jorgrun.
Jorgrun is heavily wounded.
You block the manticore's attack.
The manticore claws you but does no damage.
You block the manticore's attack. Jorgrun completely misses you.
The grasping roots constrict you!
The roots grasp on you weakens, but your attempt to escape fails.
You block the manticore's attack.
The manticore claws you but does no damage. x2
Jorgrun casts a spell at you. The iron shot hits you!!
* * * LOW HITPOINT WARNING * * *
The grasping roots constrict you.
You die...

##.........
##.....g.!.. #####
#....#H....
#...####...#.....
#..(#..........# #
#..............#...
###...[.......)......
##....g##.#....)......
#.....@#.#....).......
####<..H##............
#...###............
#...# #............
##### #............
##...........
##..........


You could see Jorgrun and a manticore.

Vanquished Creatures
  Rupert (D:13)
  A minotaur (Gauntlet)
  Snorg (Lair:3)
  Fannar (Lair:3)
  5 centaur warriors
  2 boulder beetles
  11 hydras
  A vault guard (D:13)
  A death knight (D:15)
  3 tengu warriors (D:13)
  13 death yaks
  A hell hog (Volcano)
  Sonja (D:13)
  2 fire crabs
  2 wizards (D:13)
  2 orc knights
  2 necromancers (D:13)
  2 deep elf pyromancers
  3 ugly things (D:14)
  2 oklob plants
  A wolf spider (Lair:2)
  A shining eye (Gauntlet)
  A cyclops (D:13)
  15 elephants
  A manticore (Lair:3)
  12 cane toads
  A gargoyle (D:10)
  4 black mambas
  An ice statue (Gauntlet)
  2 molten gargoyles (Volcano)
  A torpor snail (Gauntlet)
  2 efreet (D:13)
  2 unseen horrors
  3 kobold demonologists
  7 komodo dragons
  A tengu conjurer (D:13)
  2 rime drakes
  4 polar bears (Lair:6)
  A wind drake (Lair:3)
  3 meliai (Lair:5)
  3 hornets (Lair:6)
  2 trolls
  A queen bee (Lair:5)
  13 dream sheep
  4 slime creatures (D:14)
  12 blink frogs (Lair:6)
  Prince Ribbit (D:7)
  Sigmund (D:6)
  16 spriggans
  A water elemental (D:12)
  37 yaks
  2 vampires
  A wraith (D:10)
  6 wyverns
  5 fire bats
  8 basilisks
  A golden eye (Gauntlet)
  19 humans (D:13)
  A warg (D:15)
  7 steam dragons
  16 vampire mosquitoes
  An acid dragon (D:12)
  A floating eye (Gauntlet)
  A hell hound (Volcano)
  Duvessa (D:6)
  15 water moccasins
  5 black bears
  13 orc warriors
  An ice beast (D:7)
  The ghost of gabibbone the Cudgeller, an amateur MiFi of Gozag (D:4)
  A sky beast (D:6)
  4 ogres
  34 wolves
  8 boggarts
  2 centaurs
  A phantom (D:6)
  12 bullfrogs
  3 kobold brigands
  A necrophage (D:6)
  2 gnoll sergeants
  3 scorpions (D:6)
  4 wights (D:9)
  Dowan (D:6)
  31 killer bees
  7 electric eels
  3 howler monkeys
  9 lava snakes
  A jelly (D:8)
  3 hounds
  14 orc priests
  A gnoll bouda (D:10)
  An iguana (D:5)
  13 orc wizards
  7 hell rats
  7 gnolls
  8 adders
  4 river rats (D:11)
  2 white imps
  2 ufetubi (D:5)
  3 worms
  2 dart slugs
  55 orcs
  2 endoplasms
  6 giant cockroaches
  5 goblins
  3 hobgoblins (D:1)
  6 jackals (D:1)
  12 kobolds
  3 quokkas
  4 ball pythons
  4 bats
  5 frilled lizards
  9 rats
  A butterfly (Lair:2)
627 creatures vanquished.

Vanquished Creatures (others)
  54 fungi
  94 plants
148 creatures vanquished.

Grand Total: 775 creatures vanquished

Notes
Turn   | Place    | Note
-------+----------+-------------------------------------------
     0 | D:1      | vineage the Gargoyle Fighter began the quest for the Orb.
     0 | D:1      | Reached XP level 1. HP: 14/14 MP: 1/1
   211 | D:1      | Reached XP level 2. HP: 19/19 MP: 2/2
   631 | D:1      | Found a faded altar of an unknown god.
   679 | D:1      | Reached XP level 3. HP: 23/24 MP: 3/3
   680 | D:1      | Reached skill level 4 in Fighting
  1730 | D:3      | Found a sparkling altar of Nemelex Xobeh.
  1824 | D:3      | Reached XP level 4. HP: 27/30 MP: 4/4
  1909 | D:3      | Found a stormy altar of Qazlal.
  2796 | D:4      | Reached XP level 5. HP: 34/34 MP: 5/5
  2803 | D:4      | Found a runed translucent door.
  2806 | D:4      | Noticed gabibbone's ghost (amateur MiFi)
  2838 | D:4      | Reached skill level 5 in Fighting
  2910 | D:4      | Identified the +1 leather armour of Claustrophobia {rPois
                  | rC- Int+5 Dex+4}
  3354 | D:4      | Found a runed translucent door.
  3525 | D:4      | Reached XP level 6. HP: 36/40 MP: 6/6
  3589 | D:4      | Found an opulent altar of Gozag.
  3621 | D:4      | Found a staircase to the Ecumenical Temple.
  3713 | Temple   | Entered the Ecumenical Temple
  3923 | D:4      | Found a shimmering blue altar of Sif Muna.
  4270 | D:4      | Killed gabibbone's ghost
  4271 | D:4      | Reached skill level 6 in Fighting
  4271 | D:4      | Reached skill level 5 in Maces & Flails
  4423 | D:5      | Entered Level 5 of the Dungeon
  4719 | D:5      | Reached XP level 7. HP: 18/47 MP: 7/7
  5398 | D:5      | Found a basalt altar of Yredelemnul.
  5553 | D:5      | Found a bloodstained altar of Trog.
  5695 | D:5      | Found a broken altar of Ashenzari.
  5718 | D:5      | Found Unusk's Magic Scroll Shop.
  5953 | D:6      | Found a hazy altar of Hepliaklqana.
  6019 | D:6      | Reached skill level 7 in Fighting
  6196 | D:6      | Noticed a steam dragon
  6207 | D:6      | Killed a steam dragon
  6208 | D:6      | Reached XP level 8. HP: 32/53 MP: 8/8
  6374 | D:6      | Noticed Sigmund
  6384 | D:6      | Killed Sigmund
  6385 | D:6      | Reached skill level 8 in Fighting
  6536 | D:6      | Noticed Dowan
  6537 | D:6      | Noticed Duvessa
  6542 | D:6      | Killed Duvessa
  6548 | D:6      | Killed Dowan
  6640 | D:6      | Reached skill level 9 in Fighting
  6763 | D:6      | Reached XP level 9. HP: 60/60 MP: 9/9
  6816 | D:6      | Found an iron altar of Okawaru.
  6821 | D:6      | Became a worshipper of Warmaster Okawaru
  7092 | D:7      | Noticed Prince Ribbit
  7098 | D:7      | Killed Prince Ribbit
  7283 | D:7      | Reached skill level 10 in Fighting
  7475 | D:7      | Found a white marble altar of Elyvilon.
  7992 | D:7      | Found Kobi's Weapon Emporium.
  8530 | D:8      | Reached * piety under Okawaru
  9079 | D:9      | Reached skill level 11 in Fighting
  9236 | D:9      | Reached skill level 10 in Maces & Flails
  9236 | D:9      | Reached XP level 10. HP: 70/70 MP: 10/10
  9512 | D:9      | Found a staircase to the Orcish Mines.
  9585 | D:9      | Reached ** piety under Okawaru
  9843 | D:10     | Entered Level 10 of the Dungeon
  9843 | D:10     | Noticed a gargoyle
  9853 | D:10     | Killed a gargoyle
 10010 | D:10     | Reached skill level 1 in Invocations
 10062 | D:10     | Reached skill level 12 in Fighting
 10097 | D:10     | Got the Reference Book on Flinty Conjury
 10336 | D:10     | Found a blossoming altar of Fedhas.
 10336 | D:10     | Found a glowing golden altar of the Shining One.
 10477 | D:10     | Noticed a kobold demonologist
 10477 | D:10     | Noticed a kobold demonologist
 10507 | D:10     | Killed a kobold demonologist
 10516 | D:10     | Killed a kobold demonologist
 10516 | D:10     | Reached *** piety under Okawaru
 10980 | D:11     | Noticed an unseen horror
 10991 | D:11     | Killed an unseen horror
 10992 | D:11     | Reached XP level 11. HP: 68/76 MP: 11/13
 11021 | D:11     | Noticed a centaur warrior
 11308 | D:11     | Noticed a death yak
 11308 | D:11     | Noticed a death yak
 11309 | D:11     | Found a staircase to the Lair.
 11309 | D:11     | Noticed a death yak
 11326 | D:11     | Killed a death yak
 11326 | D:11     | Reached **** piety under Okawaru
 11334 | D:11     | Killed a death yak
 11335 | D:11     | Reached skill level 5 in Shields
 11346 | D:11     | Killed a death yak
 11347 | D:11     | Reached skill level 5 in Armour
 11470 | D:11     | Killed a centaur warrior
 11470 | D:11     | Reached ***** piety under Okawaru
 11470 | D:11     | Received a gift from Okawaru
 11471 | D:11     | Reached skill level 13 in Fighting
 11533 | D:11     | Noticed an orc knight
 11601 | D:11     | Received a gift from Okawaru
 11742 | D:11     | Killed an orc knight
 11742 | D:11     | Received a gift from Okawaru
 11846 | D:11     | Received a gift from Okawaru
 12622 | D:12     | Noticed a deep elf pyromancer
 12642 | D:12     | Killed a deep elf pyromancer
 12685 | D:12     | Noticed a five-headed hydra
 12709 | D:12     | HP: 3/78 [five-headed hydra (11)]
 12711 | D:12     | Killed a five-headed hydra
 12711 | D:12     | Received a gift from Okawaru
 12712 | D:12     | Reached XP level 12. HP: 15/84 MP: 13/15
 12841 | Lair:1   | Entered Level 1 of the Lair of Beasts
 12869 | Lair:1   | Noticed a seven-headed hydra
 12875 | Lair:1   | Killed a seven-headed hydra
 12876 | Lair:1   | Reached skill level 5 in Invocations
 12913 | Lair:1   | Identified the +4 short sword "Otiwkokh" {venom, rF+ rN++
                  | MP-9}
 12953 | Lair:1   | Noticed a five-headed hydra
 12963 | Lair:1   | Killed a five-headed hydra
 12964 | Lair:1   | Reached skill level 14 in Fighting
 13829 | Lair:2   | Received a gift from Okawaru
 13874 | Lair:2   | Noticed a seven-headed hydra
 14085 | Lair:2   | Killed a seven-headed hydra
 14152 | Lair:2   | Found a hole to the Spider Nest.
 14233 | Lair:2   | Reached ****** piety under Okawaru
 14292 | Lair:2   | Reached XP level 13. HP: 64/91 MP: 17/17
 15135 | Lair:3   | Noticed Fannar
 15147 | Lair:3   | Killed Fannar
 15148 | Lair:3   | Reached skill level 15 in Fighting
 15192 | Lair:3   | Noticed Snorg
 15205 | Lair:3   | Killed Snorg
 15380 | Lair:3   | Received a gift from Okawaru
 15457 | Lair:3   | Found a staircase to the Shoals.
 16133 | Lair:4   | Identified the +6 dagger "Amel" {vorpal, rC+ rN+ rCorr
                  | Dex+2}
 16496 | Lair:4   | Found a dark tunnel.
 16532 | Volcano  | Entered a volcano
 16960 | Volcano  | Found a bloodstained altar of Trog.
 17651 | Lair:5   | Identified the +8 dire flail of the Final Chapter {flame,
                  | Will++} (Okawaru gifted it to you on level 5 of the Lair of
                  | Beasts)
 17651 | Lair:5   | Received a gift from Okawaru
 17725 | Lair:5   | Found a gate leading to a gauntlet.
 17734 | Gauntlet | Entered a Gauntlet
 17734 | Gauntlet | Found a large runed translucent door.
 17734 | Gauntlet | Found a large runed translucent door.
 17734 | Gauntlet | Found a large runed translucent door.
 17734 | Gauntlet | Found a large runed translucent door.
 17734 | Gauntlet | Found a transporter.
 17734 | Gauntlet | Found a large runed translucent door.
 17734 | Gauntlet | Found a large runed translucent door.
 17734 | Gauntlet | Found a large runed translucent door.
 17734 | Gauntlet | Found a large runed translucent door.
 17734 | Gauntlet | Found a runed translucent door.
 17734 | Gauntlet | Found a runed translucent gate.
 17734 | Gauntlet | Found a transporter.
 17734 | Gauntlet | Found a transporter.
 17734 | Gauntlet | Found a runed translucent gate.
 17734 | Gauntlet | Found a transporter.
 17740 | Gauntlet | Found a transporter.
 17748 | Gauntlet | Found a transporter.
 17752 | Gauntlet | Found a transporter.
 17856 | Gauntlet | Found a runed translucent door.
 17857 | Gauntlet | Found a large runed translucent door.
 17857 | Gauntlet | Found a large runed translucent door.
 17857 | Gauntlet | Found a large runed translucent door.
 17857 | Gauntlet | Found a large runed translucent door.
 17858 | Gauntlet | Found a large runed translucent door.
 17858 | Gauntlet | Found a large runed translucent door.
 17859 | Gauntlet | Found a large runed translucent door.
 17859 | Gauntlet | Found a large runed translucent door.
 17863 | Gauntlet | Found a transporter.
 17875 | Gauntlet | Found a transporter.
 17889 | Gauntlet | Found a transporter.
 17899 | Gauntlet | Found a transporter.
 17916 | Gauntlet | Found a transporter.
 18047 | Gauntlet | Found a runed translucent gate.
 18096 | Gauntlet | Identified a scroll of acquirement
 18096 | Gauntlet | Acquired the ring "Weillaeh" {Will+ Str+6}
 18115 | Gauntlet | Gained mutation: Your large and strong wings let you fly.
                  | [Gargoyle growth]
 18115 | Gauntlet | Reached XP level 14. HP: 84/99 MP: 19/19
 18126 | Gauntlet | Reached skill level 16 in Fighting
 18143 | Gauntlet | Gained mutation: You are frail. (-10% HP) [a shining eye]
 18145 | Gauntlet | Paralysed by a floating eye for 4 turns
 18148 | Gauntlet | Gained mutation: Armour fits poorly on your strangely
                  | shaped body. [a shining eye]
 18288 | Gauntlet | Identified the +1 scale mail "Wahod" {Str+3}
 18660 | Lair:5   | Received a gift from Okawaru
 18828 | Lair:5   | Reached skill level 15 in Maces & Flails
 18847 | Lair:5   | Found a staircase to the Slime Pits.
 19254 | Lair:6   | Entered Level 6 of the Lair of Beasts
 19650 | Lair:6   | Identified the +4 chain mail "Kemebi Wucse" {rN+ rCorr
                  | Int+7} (Okawaru gifted it to you on level 6 of the Lair of
                  | Beasts)
 19650 | Lair:6   | Received a gift from Okawaru
 19766 | Lair:6   | Reached skill level 17 in Fighting
 19909 | Lair:6   | Reached skill level 10 in Armour
 20504 | Lair:6   | Reached XP level 15. HP: 62/96 MP: 19/21
 21485 | D:13     | Noticed Sonja
 21662 | D:13     | Noticed Rupert
 21668 | D:13     | Killed Rupert
 21759 | D:13     | Identified the +8 tower shield of Noriy {Dex+2} (Okawaru
                  | gifted it to you on level 13 of the Dungeon)
 21759 | D:13     | Received a gift from Okawaru
 21780 | D:13     | Killed Sonja
 21781 | D:13     | Reached skill level 18 in Fighting
 21934 | D:13     | Identified the +2 leather armour "Neasor" {rF+ Will+}
 22020 | D:13     | Found a gate to the Vaults.
 23268 | D:14     | Found a snail-covered altar of Cheibriados.
 23400 | D:15     | Entered Level 15 of the Dungeon
 23442 | D:15     | Noticed Jorgrun
 23608 | D:15     | HP: 2/98 [Jorgrun/iron shot (31)]
 23608 | D:15     | Constricted to death by Jorgrun

Illustrated notes

Levels and vault maps discovered:
D:1:      matt_arrival_los_fun, layout_rooms,
          hellmonk_ecumenical_altar_arch_garden, minmay_misc_feat_tiny
D:2:      minmay_spotlight, layout_loops_ring, grunt_decor_mini_mirrors
D:3:      layout_loops_corners, grunt_qazlal_clouds, general_overflow_altar
D:4:      layout_loops_ring, nicolae_sif_muna_little_library,
          mainiacjoe_overflow_catwalk, minmay_temple_entry_enclosed_plants,
          ebering_ghost_sewer_f, small_statue_intersection
D:5:      layout_loops_corners, mainiacjoe_overflow_alcove_1,
          lemuel_coloured_pillars_altar, yredelemnul_altar_generic,
          serial_shops, kennysheep_little_box, minmay_misc_feat_chi,
          dreamdust_mushroom_princess
D:6:      cheibrodos_iron_armory, layout_loops_corners,
          nicolae_hepliaklqana_hazy_memory, kennysheep_mini, uniq_sigmund,
          uniq_duvessa
D:7:      layout_layer_cave, elyvilon_altar_1, serial_shops,
          nicolae_take_the_stairs, serial_bayou, serial_bayou_pond_d,
          serial_bayou_shore_b, serial_bayou_pond_e, serial_bayou_lagoon_a,
          kennysheep_decorative_pillar, kennysheep_minor_cross,
          uniq_prince_ribbit1
D:8:      layout_rooms, nicolae_overflow_hidden_temple
D:9:      layout_small_grid, david_orc_4
D:10:     layout_basic, jmf_multi_god_temple
D:11:     layout_long_grid, dpeg_lair_monsters, special_room [special_room_orc]
D:12:     nicolae_cairo_tiling_large, layout_basic, amcnicky_mini_pool_small
D:13:     layout_gridville, grunt_vaults_entry_tiered, st_stairs_5,
          david_defended_altar_orc, uniq_sonja, uniq_rupert
D:14:     layout_cave_pods, cheibriados_altar_1
D:15:     hangedman_depths_entry_try_elsewhere_first, layout_rooms,
          minmay_radiant, uniq_nessos, uniq_kirke, uniq_jorgrun
Temple:   kb_temple_of_zot
Lair:1:   layout_gridlike, small_statue_intersection
Lair:2:   layout_cave_pods, spider_nest_entry_a,
          nicolae_lair_run_with_the_wolves, infiniplex_staircase_pool,
          lemuel_fruit_fields
Lair:3:   layout_loops_ring, minmay_shoals_entry_beasts,
          minmay_lair_oklob_items, st_stairs_4, wad_woods_02, uniq_snorg,
          uniq_fannar
Lair:4:   layout_regular_city, enter_volcano_1, nicolae_lair_grove_arrangements
Lair:5:   layout_roguey [special_room_bee], dpeg_slime_entry_corner,
          gauntlet_entry_generic
Lair:6:   minmay_lair_end_enchanted_forest, layout_regular_city,
          serial_bayou_shore_b

Skill      XL: |  1  2  3  4  5  6  7  8  9 10 11 12 13 14 15 |
---------------+----------------------------------------------+-----
Fighting       | 4 5 6 7 9 11 12 13 14 15 17 18 | 18.6
Maces & Flails | 3 4 5 6 8 10 11 12 13 14 15 16 | 16.9
Invocations    | 2 4 6 7 8 |  8.1
Armour         | 4 6 7 8 10 11 | 11.2
Shields        | 4 6 7 8 9 |  9.5

Action                   |  1- 3 |  4- 6 |  7- 9 | 10-12 | 13-15 || total
-------------------------+-------+-------+-------+-------+-------++-------
Melee: Flail             |   121 |   146 |   274 |   528 |       ||  1069
       Morningstar       |       |       |       |   267 |   570 ||   837
       Dire flail        |       |       |       |       |   607 ||   607
Invok: Heroism           |       |       |       |    10 |    26 ||    36
       Finesse           |       |       |       |       |     1 ||     1
  Use: Scroll            |     3 |     6 |     6 |     8 |    13 ||    36
       Potion            |       |     1 |     1 |     3 |     4 ||     9
Armor: Scale mail        |    31 |       |       |       |   359 ||   390
       Ice dragon scales |    29 |    78 |   165 |   711 |   266 ||  1249
       Skin              |       |       |       |       |     2 ||     2
Dodge: Dodged            |    65 |    71 |   107 |   461 |   466 ||  1170
Block: Buckler           |    22 |    26 |    37 |   233 |    67 ||   385
       Tower shield      |       |       |       |       |   235 ||   235

Table legend: (Time is in decaauts)
 A = Elapsed time spent in this place.
 B = Non-inter-level travel time spent in this place.
 C = Inter-level travel time spent in this place.
 D = Time resting spent in this place.
 E = Time spent auto-exploring this place.
 F = Levels seen in this place.
 G = Mean time per level.
                   A        B        C        D        E       F      G
               +--------+--------+--------+--------+--------+-----+--------+
         Total |  23321 |  22209 |   1112 |   2179 |  15553 |  24 |  971.7 |
       Dungeon |  14968 |  14187 |    781 |   1270 |  10431 |  15 |  997.9 |
        Temple |     97 |     89 |      8 |      0 |     83 |   1 |   97.0 |
          Lair |   6988 |   6666 |    322 |    744 |   4641 |   6 | 1164.7 |
       Volcano |    642 |    642 |      0 |    136 |    318 |   1 |  642.0 |
      Gauntlet |    623 |    623 |      0 |     29 |     79 |   1 |  623.0 |
               +--------+--------+--------+--------+--------+-----+--------+

Top non-repeatable levels by time:
  Lair:6: 1899 daAuts
     D:4: 1583 daAuts
     D:5: 1535 daAuts
     D:7: 1419 daAuts
  Lair:2: 1302 daAuts
     D:6: 1145 daAuts
     D:3: 1140 daAuts
    D:14: 1114 daAuts
    D:10: 1098 daAuts
    D:11: 1061 daAuts
  Lair:3: 1059 daAuts
  Lair:5: 955 daAuts
    D:13: 949 daAuts
  Lair:1: 945 daAuts
     D:1: 936 daAuts
